[Event "TOP16-LaBourdannais"]
[Site "TOP16-LaBourdannais"]
[Date "2021.01.09"]
[Round "3"]
[White "Pierre35"]
[Black "maten3coups"]
[Result "1-0"]
[WhiteElo "1865"]
[BlackElo "1620"]
[Annotator "NA RC"]
[PlyCount "63"]
[EventDate "2021.01.09"]
[EventType "blitz"]
[TimeControl "300+3"]

1. e4 c5 2. Nf3 Nc6 3. d4 cxd4 4. Nxd4 Nf6 5. Nc3 d6 6. Bg5 e6 7. Qd2 Nxd4 8. Qxd4 a6 9. O-O-O Be7 10. f4 O-O 11. Kb1 b5 12. Bd3 Bb7 13. e5 dxe5 14. Qxd8 Bxd8 15. fxe5 Ng4 16. Bxd8 Raxd8 17. Rhe1 Bxg2 18. a4 b4 19. Ne4 Bxe4 20. Bxe4 Rxd1+ 21. Rxd1 Nxe5 22. Rd6 a5 23. Ra6 g5 24. Rxa5 f6 25. Rb5 Ng4 26. a5 f5 27. Bb7 Nf6 28. a6 Nd5 29. Bxd5 exd5 30. a7 f4 31. Rb8 f3 32. Rxf8+ {[%emt 0:00:04] maten3coups abandonne} 1-0

[Event "TOP16-LaBourdannais"]
[Site "TOP16-LaBourdannais"]
[Date "2021.01.09"]
[Round "5"]
[White "Babota"]
[Black "Brunico2016"]
[Result "1-0"]
[WhiteElo "1709"]
[BlackElo "1893"]
[Annotator "NA RC"]
[PlyCount "33"]
[EventDate "2021.01.09"]
[EventType "blitz"]
[TimeControl "300+3"]

1. e4 c5 2. Nf3 d6 3. Bb5+ Nd7 4. Ba4 Ngf6 5. O-O e6 6. c4 Nxe4 7. Re1 Nef6 8. d4 cxd4 9. Nxd4 Be7 10. Rxe6 fxe6 11. Nxe6 Qa5 12. Bd2 Qb6 13. c5 dxc5 14. Qe1 Kf7 15. Bb3 c4 16. Bxc4 Qc6 17. Nd8+ {[%emt 0:00:03] Brunico2016 abandonne} 1-0

[Event "TOP16-LaBourdannais"]
[Site "TOP16-LaBourdannais"]
[Date "2021.01.09"]
[Round "6"]
[White "Pierre35"]
[Black "jncool68"]
[Result "1/2-1/2"]
[WhiteElo "1960"]
[BlackElo "2416"]
[Annotator "NA RC"]
[PlyCount "36"]
[EventDate "2021.01.09"]
[EventType "blitz"]
[TimeControl "300+3"]

1. e4 e5 2. Nf3 Nc6 3. Bb5 a6 4. Ba4 Nf6 5. O-O Be7 6. Re1 b5 7. Bb3 d6 8. c3 O-O 9. h3 Bb7 10. d3 Re8 11. Nbd2 Bf8 12. Nf1 h6 13. Ng3 d5 14. exd5 Nxd5 15. d4 Nb6 16. dxe5 Qxd1 17. Bxd1 Nc4 18. e6 Rxe6 {[%emt 0:00:16] jncool68 propose la nulle} 1/2-1/2

[Event "TOP16-LaBourdannais"]
[Site "TOP16-LaBourdannais"]
[Date "2021.01.09"]
[Round "9"]
[White "Brunico2016"]
[Black "jncool68"]
[Result "1/2-1/2"]
[WhiteElo "1895"]
[BlackElo "2389"]
[Annotator "NA RC"]
[PlyCount "84"]
[EventDate "2021.01.09"]
[EventType "blitz"]
[TimeControl "300+3"]

1. d4 Nf6 2. c4 e6 3. Nf3 Bb4+ 4. Bd2 Qe7 5. g3 Bxd2+ 6. Qxd2 Nc6 7. Nc3 O-O 8. Bg2 d5 9. O-O dxc4 10. Ne5 Nxe5 11. dxe5 Nd7 12. Qd4 Qc5 13. Qxc5 Nxc5 14. Nb5 Bd7 15. Na3 Rfd8 16. Rfd1 Ba4 17. Rxd8+ Rxd8 18. Nxc4 Rd1+ 19. Rxd1 Bxd1 20. Kf1 b6 21. Ke1 Ba4 22. Kd2 Kf8 23. b4 Nd7 24. f4 Ke7 25. Kc3 Bb5 26. e3 Bxc4 27. Kxc4 Nb8 28. Be4 h6 29. a3 Kd7 30. Bf3 c6 31. Bh5 Ke7 32. Bf3 Kd7 33. Bh5 g6 34. Bf3 Kc7 35. h4 h5 36. g4 hxg4 37. Bxg4 Nd7 38. h5 gxh5 39. Bxh5 f6 40. exf6 Nxf6 41. Bf3 Kd6 42. Kd4 Nd7 {[%emt 0:00:03] jncool68 propose la nulle (Lag: Av=0.31s, max=0.7s)} 1/2-1/2